 Dungeon Crawl Stone Soup version 0.29.0-4-gdea44cf6ec (webtiles) character file.

Game seed: 14567583691559678343

45 qw the Chopper (level 3, -1/21 HPs)
             Began as a Tengu Warper on Aug 28, 2022.
             Slain by an orc
             ... wielding a +0 dagger
              (4 damage)
             ... on level 3 of the Dungeon.
             The game lasted 00:00:11 (1816 turns).

qw the Chopper (Tengu Warper)                       Turns: 1816, Time: 00:00:11

Health: -1/21      AC:  8    Str: 17    XL:     3   Next: 64%
Magic:  7/7        EV:  7    Int: 12    God:
Gold:   135        SH:  0    Dex: 12    Spells: 6/6 levels left

rFire   . . .      SeeInvis +   Y - +0 hand axe
rCold   . . .      Faith    .   (no shield)
rNeg    . . .      Spirit   .   d - +0 chain mail
rPois   .          Reflect  .   (helmet restricted)
rElec   .          Harm     .   (no cloak)
rCorr   .          Rampage  .   (no gloves)
Will    .....      Clarity  +   (boots unavailable)
Stlth   ..........              (no amulet)
HPRegen 0.07/turn               b - ring of see invisible
MPRegen 0.10/turn               (no ring)

@: about to teleport
A: beak, talons 3, clarity, strong 1, evolution 1
a: no special abilities


You were on level 3 of the Dungeon.
You visited 1 branch of the dungeon, and saw 4 of its levels.

You collected 135 gold pieces.


Innate Abilities, Weirdness & Mutations

You have a beak for a mouth.
You have claws for feet.
You possess an exceptional clarity of mind.
Your muscles are strong. (Str +4, Int/Dex -1)
You have hidden genetic potential.


   Skills:
 - Level 2.0 Fighting
 + Level 4.3 Axes
 - Level 1.0 Throwing
 - Level 1.1 Armour
 - Level 2.1 Dodging
 - Level 2.0 Spellcasting
 - Level 2.4 Translocations


You had 6 spell levels left.
You didn't know any spells.
Your spell library contained the following spells:

 Spells                   Type           Power      Damage    Failure   Level
 Blink                    Tloc           12%        N/A       95%         2
 Gell's Gravitas          Tloc           6%         N/A       99%         3
 Lesser Beckoning         Tloc           6%         N/A       99%         3
 Teleport Other           Tloc           6%         N/A       99%         3
 Manifold Assault         Tloc           6%         N/A       100%        5

Inventory:

Hand Weapons
 e - a +0 mace
 Y - a +0 hand axe (weapon)
Armour
 d - a +0 chain mail (worn)
Jewellery
 b - a ring of see invisible (left hand)
Scrolls
 a - a scroll of teleportation
 g - 2 scrolls of identify
Potions
 c - 2 potions of curing
 f - a potion of heal wounds {unknown}

Dungeon Overview and Level Annotations

Branches:
Dungeon (4/15)
 Temple: D:4-7

Altars:
Vehumet

Shops:
D:1 *


Message History

Your thoughts seem clearer.
There is an open door here. 3 orcs come into view.
The orc shouts! x3
An orc comes into view. It is wielding a +0 flail.
1806 ||| Stepping ~*~*~tactically~*~*~ (stealth).
You barely miss the orc. Your kick misses the orc. Your peck misses the orc.
The orc hits you with a +0 hand axe.
You hit the orc.
The orc is heavily wounded.
1810 ||| Stepping ~*~*~tactically~*~*~ (stealth).
The orc attacks as you move away! The orc barely misses you.
You closely miss the orc. Your kick misses the orc.
The orc is heavily wounded.
The orc hits you with a +0 hand axe.
You hit the orc. Your kick misses the orc.
The orc is heavily wounded.
You hit the orc. The orc hits you but does no damage. x2
You hit the orc.
You kill the orc!
You barely miss the orc. The orc hits you with a +0 dagger.
You hit the orc but do no damage. Your peck misses the orc.
The orc is moderately wounded.
You barely miss the orc. The orc hits you but does no damage. x2
You closely miss the orc.
The orc shouts!
Your kick misses the orc.
The orc is moderately wounded.
You closely miss the orc. The orc hits you but does no damage.
The orc hits you with a +0 flail. The orc hits you with a +0 dagger.
The orc barely misses you.
1816 ||| READING 2 scrolls of teleportation.
As you read the scroll of teleportation, it crumbles to dust.
You feel strangely unstable. The orc hits you but does no damage.
The orc hits you with a +0 flail. The orc hits you with a +0 dagger.
You die...

## .o .# .# .#..
#.##.#.## #
........#
#.####.#..#..#
#.#.@o.......#
#...oo.......# #
#....##......##
#
#....'........#
#
#....#........#
#
#....#....###.#
#
#....#........#
#
#.####........##
#. #.........#


You could see 3 orcs.

Vanquished Creatures
  An orc (D:3)
  5 endoplasms
  2 giant cockroaches
  3 goblins
  5 hobgoblins
  2 kobolds
  2 quokkas
  8 ball pythons
  6 bats
  3 frilled lizards (D:1)
  4 rats
41 creatures vanquished.

Notes
Turn   | Place    | Note
-------+----------+-------------------------------------------
     0 | D:1      | qw the Tengu Warper began the quest for the Orb.
     0 | D:1      | Reached XP level 1. HP: 12/12 MP: 4/4
     0 | D:1      | 0 ||| qw: Version: 0.1-a-89-g26bdef1
     0 | D:1      | 0 ||| qw: Game counter: 1351
     0 | D:1      | 0 ||| qw: Always use a shield: true
     0 | D:1      | 0 ||| qw: God list: Okawaru
     0 | D:1      | 0 ||| qw: Allow faded altars: false
     0 | D:1      | 0 ||| qw: Do Orc after D:15 true
     0 | D:1      | 0 ||| qw: Do second Lair branch before Depths: true
     0 | D:1      | 0 ||| qw: Lair rune preference: random
     0 | D:1      | 0 ||| qw: Plans: Normal
     0 | D:1      | 0 ||| PLANNING D:1-11
    84 | D:1      | Reached XP level 2. HP: 14/17 MP: 6/6
   139 | D:1      | Reached skill level 3 in Axes
   246 | D:1      | Found Tickigg's Assorted Antiques.
   250 | D:1      | 250 ||| SHOPLISTING blue potion (21 gold, have 16).
   250 | D:1      | 250 ||| SHOPLISTING orange potion (21 gold, have 16).
   250 | D:1      | 250 ||| SHOPLISTING plate armour (552 gold, have 16).
   250 | D:1      | 250 ||| SHOPLISTING tubular agate ring (120 gold, have 16).
   282 | D:1      | 282 ||| Stepping ~*~*~tactically~*~*~ (stealth).
   284 | D:1      | 284 ||| Stepping ~*~*~tactically~*~*~ (stealth).
   286 | D:1      | 286 ||| Stepping ~*~*~tactically~*~*~ (stealth).
   299 | D:1      | 299 ||| Stepping ~*~*~tactically~*~*~ (stealth).
   300 | D:1      | 300 ||| Stepping ~*~*~tactically~*~*~ (stealth).
   302 | D:1      | Found a faded altar of an unknown god.
   303 | D:1      | 303 ||| Stepping ~*~*~tactically~*~*~ (stealth).
   305 | D:1      | 305 ||| Stepping ~*~*~tactically~*~*~ (stealth).
   306 | D:1      | 306 ||| Stepping ~*~*~tactically~*~*~ (stealth).
   326 | D:1      | 326 ||| Stepping ~*~*~tactically~*~*~ (stealth).
   364 | D:1      | 364 ||| Stepping ~*~*~tactically~*~*~ (stealth).
   367 | D:1      | 367 ||| Stepping ~*~*~tactically~*~*~ (stealth).
   549 | D:1      | HP: 4/17 [endoplasm (3)]
  1062 | D:1      | 1062 ||| READING 2 scrolls labelled MAURCH XOHE.
  1067 | D:1      | 1067 ||| READING 2 scrolls labelled TAUCIR NAHYOM.
  1068 | D:1      | 1068 ||| READING scroll labelled LEJUPPIO YGUTZ.
  1069 | D:1      | 1069 ||| READING scroll labelled INKE WEODDO.
  1070 | D:1      | 1070 ||| DRINKING 2 metallic green potions.
  1070 | D:1      | Gained mutation: Potions are less effective at restoring
                  | your health. [potion of mutation]
  1070 | D:1      | Gained mutation: You have a pair of small horns on your
                  | head. [potion of mutation]
  1071 | D:1      | 1071 ||| DRINKING potion of mutation.
  1071 | D:1      | Lost mutation: Potions are less effective at restoring your
                  | health. [potion of mutation]
  1071 | D:1      | Lost mutation: You have a pair of small horns on your head.
                  | [potion of mutation]
  1071 | D:1      | Gained mutation: You have hidden genetic potential. [potion
                  | of mutation]
  1071 | D:1      | Gained mutation: Your muscles are strong. (Str +4, Int/Dex
                  | -1) [potion of mutation]
  1072 | D:1      | 1072 ||| DROPPING scroll of blinking.
  1103 | D:2      | Reached XP level 3. HP: 19/21 MP: 7/7
  1281 | D:2      | Reached skill level 4 in Axes
  1293 | D:2      | Found a radiant altar of Vehumet.
  1331 | D:2      | You fall into a shaft and drop 2 floors!
  1381 | D:4      | 1381 ||| UPGRADING to +0 chain mail.
  1391 | D:4      | 1391 ||| DROPPING +0 leather armour.
  1392 | D:4      | 1392 ||| READING scroll labelled HANUYKLUTT.
  1526 | D:2      | 1526 ||| Stepping ~*~*~tactically~*~*~ (hiding).
  1528 | D:2      | 1528 ||| Stepping ~*~*~tactically~*~*~ (hiding).
  1529 | D:2      | 1529 ||| Stepping ~*~*~tactically~*~*~ (hiding).
  1734 | D:2      | 1734 ||| UPGRADING to ring of see invisible.
  1735 | D:2      | 1735 ||| READING scroll labelled SAAGAM UL TEZU.
  1736 | D:2      | 1736 ||| DRINKING 3 glowing cyan potions.
  1800 | D:3      | Gained mutation: You possess an exceptional clarity of
                  | mind. [hidden potential]
  1806 | D:3      | 1806 ||| Stepping ~*~*~tactically~*~*~ (stealth).
  1810 | D:3      | 1810 ||| Stepping ~*~*~tactically~*~*~ (stealth).
  1815 | D:3      | HP: 5/21 [orc/+0 dagger (3)]
  1816 | D:3      | 1816 ||| READING 2 scrolls of teleportation.
  1816 | D:3      | Slain by an orc

Levels and vault maps discovered:
D:1:      onia_arrival_pyramid, layout_rooms, serial_shops,
          nicolae_shop_crystal, ebering_ecumenical_altar_sacrificial
D:2:      layout_basic, basic_altar
D:3:      layout_basic, marbit_many_paths, overflow_temple_1_default,
          mainiacjoe_overflow_24_doors
D:4:      layout_gridville, minmay_temple_entry_hall, nicolae_underground_beach

Skill      XL: |  1  2  3 |
---------------+----------+-----
Axes           | 3 4 |  4.3
Fighting       | |  2.0
Throwing       | |  1.0
Armour         | |  1.1
Dodging        | |  2.1
Spellcasting   | |  2.0
Translocations | |  2.4

Action                   || total
-------------------------++-------
Melee: Hand axe          ||    83
       Peck              ||     7
       Kick              ||    14
Throw: Boomerang         ||     7
  Use: Scroll            ||     7
       Potion            ||     3
Armor: Leather armour    ||    14
       Chain mail        ||    16
Dodge: Dodged            ||    32

Table legend:
 A = Non-vault XP
 B = Vault XP
 C = Vault XP percentage of total XP
 D = Non-vault monster count
 E = Vault monster count
 F = Vault count percentage of total count
                 A         B        C        D         E       F
            +---------+---------+-------+---------+---------+-------
      Total |      65 |       0 |   0.0 |      41 |       0 |   0.0
            +---------+---------+-------+---------+---------+-------
        D:1 |      32 |       0 |   0.0 |      22 |       0 |   0.0
        D:2 |      18 |       0 |   0.0 |      10 |       0 |   0.0
        D:3 |      15 |       0 |   0.0 |       9 |       0 |   0.0
            +---------+---------+-------+---------+---------+-------
